 Dungeon Crawl Stone Soup version 0.31-a0-175-g9f7f995f2b (webtiles) character file.

Game seed: 16630632657288295846

78 qw the Chopper (level 4, -17/28 HPs)
             Began as a Gargoyle Fighter on June 16, 2023.
             Demolished by an ogre
             ... wielding a +0 giant club
              (24 damage)
             ... on level 4 of the Dungeon.
             The game lasted 00:01:04 (2115 turns).

qw the Chopper (Gargoyle Fighter)                   Turns: 2115, Time: 00:01:05

Health: -17/28     AC: 12    Str: 21    XL:     4   Next: 36%
Magic:  4/4        EV:  7    Int:  9    God:
Gold:   180        SH:  4    Dex:  9    Spells: 3/3 levels left

rFire   . . .        Y - +0 war axe
rCold   . . .        c - +0 buckler
rNeg    + . .        a - +0 chain mail
rPois   inf          (no helmet)
rElec   +            (no cloak)
rCorr   .            (no gloves)
SInv    .            (no boots)
Will    .....        (no amulet) Stlth
                     (no ring)
HPRegen 0.24/turn    (no ring)
MPRegen 0.09/turn

%: no passive effects
@: no status effects
A: sickness immunity, AC +3, negative energy resistance 1, electricity
resistance, torment resistance 1, petrification resistance
a: no special abilities


You were on level 4 of the Dungeon.
You visited 1 branch of the dungeon, and saw 4 of its levels.

You collected 215 gold pieces.
You spent 35 gold pieces at shops.


Innate Abilities, Weirdness & Mutations

You are immune to sickness and miasma.
Your stone body is resilient. (AC +3)
You are immune to poison.
You resist negative energy. (rN+)
You are resistant to electric shocks. (rElec)
You are resistant to unholy torment.
You are immune to petrification.


   Skills:
 - Level 3.2 Fighting
 + Level 3.9 Axes
 - Level 0.7 Throwing
 - Level 3.2 Armour
 - Level 3.2 Shields


You had 3 spell levels left.
You didn't know any spells.
Your spell library was empty.

Inventory:

Hand Weapons
 f - a +0 mace
 Y - a +0 war axe (weapon)
Armour
 a - a +0 chain mail (worn)
 c - a +0 buckler (worn)
Jewellery
 h - a ring of ice
Scrolls
 m - 2 scrolls of identify
Potions
 d - 3 potions of might
 i - a potion of curing
 j - a potion of resistance

Dungeon Overview and Level Annotations

Branches:
Dungeon (4/15)
 Temple: D:4-7

Altars:

Shops:
D:1 *

Annotations:
D:2 1 runed translucent door, Crazy Yiuf


Message History

As you read the scroll of identify, it crumbles to dust.
e - a potion of degeneration;
2062 ||| IDENTIFYING blue potion Done exploring.
2063 ||| DROPPING potion of enlightenment.
You drop a potion of enlightenment.
Done exploring.
2064 ||| DROPPING potion of degeneration.
You drop a potion of degeneration.
Done exploring.
2065 ||| DROPPING scroll of revelation.
You drop a scroll of revelation.
Done exploring.
(D) Dungeon
Where to? (* - list waypoints, Enter - D:3, ? - help)
What level of the Dungeon? (default 1, ? - help)
There is a stone staircase leading down here.
You fly downwards.
Found 17 gold pieces and a sling.
There is a stone staircase leading up here.
Waypoint 3 assigned to D:4.
You now have 180 gold pieces (gained 17).
You are starting to lose your buoyancy.
You float gracefully downwards.
You open the door.
An ogre comes into view. It is wielding a +0 giant club.
Your enlightenment fades.
The ogre shouts!
You hear a shout!
A hobgoblin comes into view.
A hound comes into view.
The hound barks!
The hound pauses to sniff the ground.
You hit the ogre.
The ogre is lightly wounded.
A ball python comes into view.
The ogre hits you with a +0 giant club!!
Ouch! That really hurt!
You slash the ogre!
The ogre is severely wounded.
The ogre hits you with a +0 giant club!!
Ouch! That really hurt!
You die...

#.#.#.#.#
##.#.#.#.#
#......#.# #
####.#.#.#.# ###
#......#.#.#....
##.#.#.#......##
#.#....<.......
#.######.......
#.....@Oh...S##
########g......
....... .......
....... .).....
#


You could see an ogre, a hound, a hobgoblin and a ball python.

Vanquished Creatures
  2 adders
  A worm (D:2)
  4 ball pythons
  6 endoplasms
  3 giant cockroaches (D:1)
  6 hobgoblins
  6 jackals
  5 kobolds
  A quokka (D:1)
  6 bats
  A frilled lizard (D:1)
  6 goblins
  7 rats
54 creatures vanquished.

Notes
Turn   | Place    | Note
-------+----------+-------------------------------------------
     0 | D:1      | qw the Gargoyle Fighter began the quest for the Orb.
     0 | D:1      | Reached XP level 1. HP: 14/14 MP: 1/1
     0 | D:1      | 0 ||| qw: Version: 0.2-a-29-g511e9b1
     0 | D:1      | 0 ||| qw: Game counter: 82
     0 | D:1      | 0 ||| qw: Always use a shield: true
     0 | D:1      | 0 ||| qw: God list: Okawaru
     0 | D:1      | 0 ||| qw: Allow faded altars: false
     0 | D:1      | 0 ||| qw: Do Orc after D:15 true
     0 | D:1      | 0 ||| qw: Do second Lair branch before Depths: true
     0 | D:1      | 0 ||| qw: Lair rune preference: random
     0 | D:1      | 0 ||| qw: Plans: Normal, Zot:1-4, Slime:5, God:TSO, Crypt,
                  | Tomb, Abyss, Pan, Hells, Win
     0 | D:1      | 0 ||| PLANNING D:1-11
    80 | D:1      | Reached XP level 2. HP: 15/19 MP: 2/2
   351 | D:1      | Reached skill level 3 in Axes
   359 | D:1      | Reached XP level 3. HP: 14/23 MP: 3/3
   482 | D:1      | Found Ecvaiw's General Store.
   488 | D:1      | 488 ||| Stepping ~*~*~tactically~*~*~ (stealth).
   506 | D:1      | 506 ||| BUYING +0 whip (35 gold).
   506 | D:1      | Bought a +0 whip for 35 gold pieces
   506 | D:1      | 506 ||| SHOPLISTING 2 potions of heal wounds (140 gold,
                  | have 23).
   506 | D:1      | 506 ||| SHOPLISTING ring of willpower (350 gold, have 23).
   506 | D:1      | 506 ||| SHOPLISTING scroll of identify (28 gold, have 23).
   506 | D:1      | 506 ||| DROPPING +0 club.
   514 | D:1      | 514 ||| Stepping ~*~*~tactically~*~*~ (stealth).
   737 | D:1      | 737 ||| READING scroll labelled GUOPAV KOBIAZ.
   738 | D:1      | 738 ||| DRINKING 2 bubbling green potions.
   739 | D:1      | 739 ||| DROPPING potion of brilliance.
   807 | D:2      | Found a runed translucent door.
   808 | D:2      | Noticed Crazy Yiuf
  1118 | D:2      | 1118 ||| Stepping ~*~*~tactically~*~*~ (stealth).
  1133 | D:2      | Reached XP level 4. HP: 23/28 MP: 4/4
  1172 | D:2      | 1172 ||| Stepping ~*~*~tactically~*~*~ (stealth).
  1391 | D:2      | 1391 ||| UPGRADING to +0 chain mail.
  1401 | D:2      | 1401 ||| DROPPING +0 scale mail.
  1402 | D:2      | 1402 ||| READING scroll labelled ENIPPUF FAOLL.
  1479 | D:2      | 1479 ||| READING scroll labelled JUTAW BATIN.
  1480 | D:2      | 1480 ||| DRINKING 2 silvery potions.
  1636 | D:3      | 1636 ||| Stepping ~*~*~tactically~*~*~ (hiding).
  1639 | D:3      | 1639 ||| Stepping ~*~*~tactically~*~*~ (hiding).
  1640 | D:3      | 1640 ||| Stepping ~*~*~tactically~*~*~ (hiding).
  1748 | D:3      | 1748 ||| DROPPING +0 whip.
  1984 | D:3      | 1984 ||| Stepping ~*~*~tactically~*~*~ (stealth).
  2057 | D:3      | 2057 ||| READING 2 scrolls labelled BEIFUV FOEPANO.
  2058 | D:3      | 2058 ||| READING scroll labelled GOIWYS GOBUTOEM.
  2059 | D:3      | 2059 ||| READING scroll labelled VUCAGI ENOILIU.
  2060 | D:3      | 2060 ||| READING 4 scrolls labelled SOPLANWARCHEA.
  2061 | D:3      | 2061 ||| DRINKING 2 glowing dark potions.
  2062 | D:3      | 2062 ||| READING 3 scrolls of identify.
  2062 | D:3      | 2062 ||| IDENTIFYING blue potion
  2063 | D:3      | 2063 ||| DROPPING potion of enlightenment.
  2064 | D:3      | 2064 ||| DROPPING potion of degeneration.
  2065 | D:3      | 2065 ||| DROPPING scroll of revelation.
  2108 | D:4      | Noticed an ogre
  2114 | D:4      | HP: 7/28 [ogre/+0 giant club (21)]
  2115 | D:4      | Demolished by an ogre

Levels and vault maps discovered:
D:1:      dpeg_arrival_boxorama, layout_basic, serial_shops, shop,
          serial_park_tiny_2
D:2:      layout_rooms, st_stairs_8, uniq_crazy_yiuf_cottage
D:3:      layout_basic
D:4:      layout_basic, uniq_robin, uniq_edmund, uniq_ijyb, uniq_eustachio

Skill      XL: |  1  2 |
---------------+-------+-----
Axes           | 2 3 |  3.9
Fighting       | |  3.2
Throwing       | |  0.7
Armour         | |  3.2
Shields        | |  3.2

Action                     |  1- 3 |  4- 6 || total
---------------------------+-------+-------++-------
  Melee: War axe           |   112 |    27 ||   139
  Throw: Javelin           |     6 |     8 ||    14
    Use: Scroll            |     1 |     7 ||     8
         Potion            |     1 |     2 ||     3
 Armour: Scale mail        |    48 |       ||    48
         Chain mail        |       |    12 ||    12
  Dodge: Dodged            |    53 |     6 ||    59
  Block: Buckler           |    20 |     3 ||    23

Table legend:
 A = Non-vault XP
 B = Vault XP
 C = Vault XP percentage of total XP
 D = Non-vault monster count
 E = Vault monster count
 F = Vault count percentage of total count
                 A         B        C        D         E       F
            +---------+---------+-------+---------+---------+-------
      Total |     110 |       2 |   1.8 |      53 |       1 |   1.9
            +---------+---------+-------+---------+---------+-------
        D:1 |      55 |       0 |   0.0 |      33 |       0 |   0.0
        D:2 |      32 |       2 |   5.9 |      11 |       1 |   8.3
        D:3 |      23 |       0 |   0.0 |       9 |       0 |   0.0
            +---------+---------+-------+---------+---------+-------
